 Dungeon Sprint DCSS version 0.17.1-3-g152610e (webtiles) character file.

16333 Kokonut the Unseen (level 12, -6/56 (61) HPs)
             Began as a Spriggan Enchanter on Mar 5, 2016.
             Was the Champion of Dithmenos.
             Killed from afar by a fire giant (29 damage)
             ... with a bolt of fire
             ... in the Dungeon (Sprint I: "Red Sonja").
             The game lasted 00:28:12 (2334 turns).

Kokonut the Unseen (Spriggan Enchanter)             Turns: 2334, Time: 00:28:12

HP:   -6/56 (61)    AC: 14    Str:  4    XL:     12   Next: 9%
MP:   26/33         EV: 21    Int: 21    God:    Dithmenos [******]
Gold: 178           SH:  0    Dex: 15    Spells: 4 memorised, 34 levels left

rFire  . . .     SeeInvis +     s - +0 short sword (protect)
rCold  . . .     Clarity  .     n - +1 swamp dragon armour
rNeg   . . .     SustAt   .     (shield restricted)
rPois  +         Gourm    .     (helmet restricted)
rElec  .         Spirit   .     u - +2 cloak
rCorr  .         Warding  .     (gloves unavailable)
rMut   .         NoTele   +     (boots unavailable)
MR     ++...                    (no amulet)
Stlth  ++++++++++               (no ring)
                                m - +3 ring of slaying

@: wreathed by umbra, very quick, very resistant to hostile enchantments,
uncannily stealthy
A: unfitting armour, thin metallic scales 1, see invisible, clumsy 1, deformed
body, herbivore 3, speed 3, screaming 1, slow metabolism 2
a: Shadow Step, Shadow Form, Renounce Religion


You were in the Dungeon.
You worshipped Dithmenos.
Dithmenos was exalted by your worship.
You were not hungry.

You visited 1 branch You collected 2310 gold pieces.
You spent 2132 gold pieces at shops.

Inventory:

Hand Weapons
 r - a +3 dagger of venom
 s - a +0 short sword of protection (weapon)
Armour
 n - a +1 swamp dragon armour (worn)
 t - the +1 robe of Erakum {rN+}
   (You bought it in a shop in the Dungeon)

   It protects you from negative energy.
 u - a +2 cloak (worn)
 w - a +2 robe
Jewellery
 m - a +3 ring of slaying (left hand)
 o - an uncursed amulet of warding {unknown}
Wands
 k - a wand of confusion (25)
 l - a wand of digging (10)
 v - a wand of digging (11)
Scrolls
 j - a scroll of blinking
Potions
 b - 2 potions of degeneration
 e - 3 potions of curing
 f - 2 potions of heal wounds
 g - a potion of might
 h - 2 potions of magic
 i - a potion of berserk rage
 q - 2 potions of flight
 x - a potion of brilliance
Books
 a - a book of Hinderance

   Spells                             Type                      Level
   a - Confusing Touch                Hexes                        2
   b - Confuse                        Hexes                        3
   c - Gell's Gravitas                Hexes/Translocation          3
   d - Petrify                        Transmutation/Earth          4
   e - Metabolic Englaciation         Hexes/Ice                    5
 c - a book of Maledictions

   Spells                             Type                      Level
   a - Corona                         Hexes                        1
   b - Ensorcelled Hibernation        Hexes/Ice                    2
   c - Confuse                        Hexes                        3
   d - Tukima's Dance                 Hexes                        3
   e - Dazzling Spray                 Conjuration/Hexes            3
Comestibles
 d - a bread ration
 p - 5 fruits


   Skills:
 * Level 6.0 Fighting
 - Level 13.0 Short Blades
 + Level 19.0 Dodging
 + Level 19.4 Stealth
 - Level 16.1 Spellcasting
 + Level 16.8 Hexes


You had 34 spell levels left.
You knew the following spells:

 Your Spells              Type           Power        Failure   Level  Hunger
a - Corona                Hex            ######.      1%          1    None
b - Ensorcelled Hibernat  Hex/Ice        ######       1%          2    None
c - Confuse               Hex            ######..     1%          3    None
d - Dazzling Spray        Conj/Hex       ######..     2%          3    None


Dungeon Overview and Level Annotations

Branches:
Dungeon (1/1)

Altars:
Cheibriados
Dithmenos
Elyvilon
Fedhas
Gozag
Kikubaaqudgha
Makhleb
Nemelex Xobeh
Okawaru
Qazlal
Ru
Sif Muna
Trog
Vehumet
Xom
Yredelemnul
Zin
The Shining One
Jiyva

Shops:
D (*(%*[([(}:[[%(=(*}[%

Annotations:
D exclusion: door, Norris


Innate Abilities, Weirdness & Mutations

You are tiny and cannot use many weapons and most armour.
You have supernaturally acute eyesight.
You are a herbivore.
You cover ground extremely quickly.
You need consume almost no food.
You are partially covered in thin metallic scales (AC +2).
You are clumsy. (Dex -2)
Armour fits poorly on your strangely shaped body.
You occasionally shout uncontrollably at your foes.


Message History

The fire giant is unaffected.
The fire giant gestures at you while chanting.
The bolt of fire hits the fire giant.
The fire giant resists.
The bolt of fire misses you.
Casting: Ensorcelled Hibernation
Confirm with . or Enter, or press ? or * to list all spells.
Aiming: Confuse
Press: ? - help, Shift-Dir - straight line, f/p - fire giant
Aim: a fire giant, wielding a great sword of flaming (lightly wounded, umbra, chance to defeat MR: 31%)
The fire giant appears confused.
The fire giant gestures at you while chanting.
The fireball explodes!
The fireball engulfs the fire giant.
The fire giant resists.
The fireball engulfs you!
Ouch! That really hurt!
You emit a cloud of dark smoke.
The fire giant gestures at you while chanting.
The bolt of fire hits the fire giant.
The fire giant resists.
The bolt of fire hits you!
Ouch! That really hurt!
You die...

###.###§#§§##
#§.#+###..≈#
..'.∩##§#^.# ##...#
≈..## #######.##'#
###.#M≈..# ....§##.##.#
#.###..# ...§§§'§####
#.# '..# '######§#
####'# ##'# ......#.#
###....#
.†...#+§#()$#####§..####
....≈####?..C.C§@§###
...≈≈# )...C##### .≈≈≈##
..C ≈≈### . ##+###
###∩∩# ∩∩∩∩## #####


You could see 4 fire giants.

Vanquished Creatures
  A deep elf annihilator (D)
  A hydra (D)
  2 centaur warriors (D)
  Sonja (D)
  7 unseen horrors (D)
  A deep troll (D)
  A lindwurm (D)
  An oklob plant (D)
  3 shining eyes (D)
  2 sirens (D)
  A gargoyle (D)
  2 kobold demonologists (D)
  4 demonic crawlers (D)
  A hellwing (D)
  A slime creature (D)
  Sigmund (D)
  4 trapdoor spiders (D)
  13 hogs (D)
  A yak (D)
  4 wasps (D)
  An ogre (D)
  7 necrophages (D)
  8 jellies (D)
  Ijyb (D)
  4 giant eyeballs (D)
  3 ballistomycetes (D)
  A giant spore (D)
77 creatures vanquished.

Vanquished Creatures (others)
  A wasp (D)
  A giant spore (D)
2 creatures vanquished.

Grand Total: 79 creatures vanquished

Notes
Turn   | Place    | Note
--------------------------------------------------------------
     0 | D        | Kokonut the Spriggan Enchanter began the quest for the Orb.
     0 | D        | Reached XP level 1. HP: 9/9 MP: 5/5
     1 | D        | Noticed Ijyb
    18 | D        | Killed Ijyb
    18 | D        | Reached skill level 8 in Stealth
    18 | D        | Reached XP level 2. HP: 8/13 MP: 6/6
    23 | D        | Learned a level 2 spell: Ensorcelled Hibernation
   132 | D        | Noticed an ogre
   202 | D        | Killed an ogre
   202 | D        | Reached skill level 10 in Stealth
   202 | D        | Reached XP level 3. HP: 16/16 MP: 5/8
   202 | D        | Reached XP level 4. HP: 21/21 MP: 5/9
   222 | D        | Learned a level 3 spell: Confuse
   222 | D        | Noticed Sigmund
   225 | D        | Killed Sigmund
   225 | D        | Reached skill level 10 in Hexes
   225 | D        | Reached XP level 5. HP: 24/24 MP: 7/17
   238 | D        | Found a snail-covered altar of Cheibriados.
   238 | D        | Found a viscous altar of Jiyva.
   238 | D        | Found a shadowy altar of Dithmenos.
   238 | D        | Found a blossoming altar of Fedhas.
   238 | D        | Noticed a slime creature
   246 | D        | Killed a slime creature
   246 | D        | Reached skill level 11 in Spellcasting
   246 | D        | Reached XP level 6. HP: 8/28 MP: 7/21
   334 | D        | Learned a level 3 spell: Dazzling Spray
   334 | D        | Found a deep blue altar of Sif Muna.
   335 | D        | Noticed a jelly
   336 | D        | Found a radiant altar of Vehumet.
   340 | D        | Killed a jelly
   370 | D        | Found Noun's Food Emporium.
   370 | D        | Found a white marble altar of Elyvilon.
   370 | D        | Found a stormy altar of Qazlal.
   370 | D        | Found a burning altar of Makhleb.
   370 | D        | Found a sacrificial altar of Ru.
   370 | D        | Found a basalt altar of Yredelemnul.
   370 | D        | Found a glowing golden altar of the Shining One.
   370 | D        | Found a sparkling altar of Nemelex Xobeh.
   370 | D        | Found a shimmering altar of Xom.
   370 | D        | Found an opulent altar of Gozag.
   370 | D        | Found an ancient bone altar of Kikubaaqudgha.
   370 | D        | Found a glowing silver altar of Zin.
   370 | D        | Noticed a yak
   371 | D        | Found an iron altar of Okawaru.
   372 | D        | Killed a yak
   372 | D        | Reached skill level 5 in Dodging
   372 | D        | Reached XP level 7. HP: 20/32 MP: 23/23
   373 | D        | Found a bloodstained altar of Trog.
   400 | D        | Became a worshipper of Dithmenos the Shadowed
   505 | D        | Noticed Sonja
   509 | D        | Killed Sonja
   509 | D        | Reached skill level 12 in Stealth
   509 | D        | Reached XP level 8. HP: 36/36 MP: 25/25
   527 | D        | Found Amiagone's Weapon Boutique.
   547 | D        | Noticed a deep troll
   551 | D        | Killed a deep troll
   551 | D        | Reached skill level 10 in Dodging
   551 | D        | Reached skill level 13 in Stealth
   561 | D        | Found Rozy's Armour Emporium.
   586 | D        | Noticed a centaur warrior
   586 | D        | Noticed a centaur warrior
   588 | D        | Killed a centaur warrior
   588 | D        | Reached * piety under Dithmenos
   588 | D        | Reached XP level 9. HP: 39/39 MP: 25/27
   590 | D        | Killed a centaur warrior
   590 | D        | Reached skill level 10 in Short Blades
   590 | D        | Reached skill level 14 in Stealth
   601 | D        | Noticed a wasp
   604 | D        | Killed a wasp
   615 | D        | Noticed an oklob plant
   617 | D        | Killed an oklob plant
   624 | D        | Noticed a trapdoor spider
   629 | D        | Noticed a trapdoor spider
   629 | D        | Noticed a trapdoor spider
   630 | D        | Killed a trapdoor spider
   630 | D        | Reached ** piety under Dithmenos
   932 | D        | Noticed a trapdoor spider
   939 | D        | Killed a trapdoor spider
  1008 | D        | Killed a trapdoor spider
  1008 | D        | Reached XP level 10. HP: 39/44 MP: 20/28
  1011 | D        | Killed a trapdoor spider
  1018 | D        | Noticed an unseen horror
  1019 | D        | Noticed an unseen horror
  1022 | D        | Killed an unseen horror
  1022 | D        | Reached skill level 15 in Stealth
  1025 | D        | Killed an unseen horror
  1025 | D        | Reached *** piety under Dithmenos
  1087 | D        | Noticed a jelly
  1087 | D        | Noticed a jelly
  1087 | D        | Noticed a jelly
  1087 | D        | Noticed a jelly
  1087 | D        | Noticed a jelly
  1087 | D        | Noticed a jelly
  1087 | D        | Noticed a jelly
  1089 | D        | Killed a jelly
  1090 | D        | Killed a jelly
  1091 | D        | Killed a jelly
  1092 | D        | Noticed a necrophage
  1092 | D        | Noticed a necrophage
  1092 | D        | Noticed a necrophage
  1093 | D        | Killed a jelly
  1094 | D        | Killed a jelly
  1094 | D        | Reached **** piety under Dithmenos
  1094 | D        | Reached skill level 15 in Dodging
  1095 | D        | Killed a jelly
  1096 | D        | Noticed a necrophage
  1096 | D        | Noticed a necrophage
  1097 | D        | Killed a jelly
  1098 | D        | Noticed a necrophage
  1098 | D        | Noticed a necrophage
  1102 | D        | Killed a necrophage
  1107 | D        | Paralysed by a giant eyeball for 4 turns
  1121 | D        | Killed a necrophage
  1153 | D        | Killed a necrophage
  1153 | D        | Reached ***** piety under Dithmenos
  1160 | D        | Killed a necrophage
  1162 | D        | Killed a necrophage
  1166 | D        | Killed a necrophage
  1177 | D        | Killed a necrophage
  1201 | D        | Found Xodoith's Antique Armour Shoppe.
  1201 | D        | Found Inifatud's Antique Weapon Shop.
  1201 | D        | Found Ulatuez's Antique Weapon Boutique.
  1203 | D        | Found Ceus's Gadget Emporium.
  1203 | D        | Found Horuorej's Book Shop.
  1203 | D        | Found Niteocen's Antique Armour Shoppe.
  1203 | D        | Found Puru's Antique Armour Boutique.
  1203 | D        | Found Ceog's Food Emporium.
  1203 | D        | Found Toysam's Antique Weapon Shop.
  1203 | D        | Found Cize's Jewellery Shoppe.
  1207 | D        | Found Meagazeu's Antique Weapon Boutique.
  1208 | D        | Found Liemaast's Gadget Emporium.
  1208 | D        | Found Voastou's General Store.
  1209 | D        | Found Myneq's Food Emporium.
  1217 | D        | Bought a scroll of identify for 22 gold pieces
  1220 | D        | Bought a glowing short sword for 63 gold pieces
  1224 | D        | Bought a smoking robe for 148 gold pieces
  1225 | D        | Bought an embroidered cloak for 94 gold pieces
  1227 | D        | Bought a wand of digging (11) for 360 gold pieces
  1229 | D        | Bought an embroidered robe for 16 gold pieces
  1240 | D        | Identified the +1 robe of Erakum {rN+} (You bought it in a shop in the Dungeon)
  1284 | D        | Killed a wasp
  1367 | D        | Noticed a kobold demonologist
  1368 | D        | Noticed a kobold demonologist
  1368 | D        | Paralysed by a giant eyeball for 2 turns
  1375 | D        | Killed a kobold demonologist
  1377 | D        | Killed a kobold demonologist
  1412 | D        | Noticed a demonic crawler
  1412 | D        | Noticed a demonic crawler
  1412 | D        | Noticed a demonic crawler
  1412 | D        | Noticed a demonic crawler
  1414 | D        | Killed a demonic crawler
  1414 | D        | Reached skill level 16 in Stealth
  1550 | D        | Killed a demonic crawler
  1555 | D        | Killed a demonic crawler
  1559 | D        | Killed a demonic crawler
  1644 | D        | Noticed a lindwurm
  1647 | D        | Killed a lindwurm
  1647 | D        | Reached ****** piety under Dithmenos
  1647 | D        | Reached XP level 11. HP: 42/42 MP: 27/30
  1660 | D        | Noticed a gargoyle
  1669 | D        | Noticed a hog
  1669 | D        | Noticed a hog
  1669 | D        | Noticed a hog
  1669 | D        | Noticed a hog
  1669 | D        | Noticed a hog
  1671 | D        | Killed a hog
  1672 | D        | Noticed a hog
  1672 | D        | Noticed a hog
  1672 | D        | Killed a hog
  1673 | D        | Noticed a hog
  1673 | D        | Noticed a hog
  1673 | D        | Noticed a hog
  1673 | D        | Noticed a hog
  1674 | D        | Noticed a hog
  1674 | D        | Noticed a hog
  1674 | D        | Killed a hog
  1680 | D        | Killed a hog
  1680 | D        | Reached skill level 15 in Spellcasting
  1684 | D        | Killed a hog
  1688 | D        | Killed a hog
  1690 | D        | Killed a hog
  1690 | D        | Reached skill level 15 in Hexes
  1691 | D        | Killed a hog
  1691 | D        | Reached skill level 17 in Dodging
  1692 | D        | Killed a hog
  1693 | D        | Killed a hog
  1695 | D        | Killed a hog
  1696 | D        | Killed a hog
  1698 | D        | Killed a hog
  1700 | D        | Noticed a 12-headed hydra
  1702 | D        | Killed a 12-headed hydra
  1720 | D        | Noticed a daeva
  1739 | D        | Noticed a siren
  1740 | D        | Noticed a deep elf annihilator
  1741 | D        | Noticed a hellwing
  1742 | D        | Noticed a siren
  1743 | D        | Noticed a wasp
  1744 | D        | Noticed a mummy priest
  1744 | D        | Noticed a wasp
  1744 | D        | Noticed a wasp
  1746 | D        | Killed a siren
  1748 | D        | Killed a hellwing
  1756 | D        | Killed a wasp
  1758 | D        | Killed a wasp
  1760 | D        | Killed a wasp
  1775 | D        | Killed a siren
  1775 | D        | Reached skill level 18 in Stealth
  1840 | D        | Killed a deep elf annihilator
  1840 | D        | Reached skill level 1 in Fighting
  1980 | D        | Noticed a shining eye
  1980 | D        | Noticed a shining eye
  1980 | D        | Noticed a shining eye
  1980 | D        | Noticed a shining eye
  1980 | D        | Noticed a shining eye
  1980 | D        | Noticed a shining eye
  1982 | D        | Noticed a shining eye
  1982 | D        | Noticed a shining eye
  1983 | D        | Killed a shining eye
  1986 | D        | Killed a shining eye
  1990 | D        | Killed a shining eye
  1992 | D        | Gained mutation: You occasionally shout uncontrollably at your foes. [a shining eye]
  1992 | D        | Gained mutation: You are clumsy. (Dex -2) [a shining eye]
  1993 | D        | Paralysed by a giant eyeball for 2 turns
  1997 | D        | Found Caytham's Assorted Antiques.
  1997 | D        | Found Plog's Weapon Emporium.
  1998 | D        | Found Coxkolah's Assorted Antiques.
  1998 | D        | Found Cupnua Toig's Antique Armour Boutique.
  2020 | D        | Bought 2 bubbling ruby potions for 57 gold pieces
  2020 | D        | Bought a fizzy grey potion for 28 gold pieces
  2020 | D        | Bought a lumpy black potion for 28 gold pieces
  2020 | D        | Bought a dented malachite amulet for 160 gold pieces
  2026 | D        | Bought a scroll of identify for 64 gold pieces
  2027 | D        | Bought a scroll of identify for 64 gold pieces
  2027 | D        | Bought an orange potion for 28 gold pieces
  2030 | D        | Bought a glowing swamp dragon armour for 1000 gold pieces
  2049 | D        | Gained mutation: Armour fits poorly on your strangely shaped body. [a shining eye]
  2052 | D        | Gained mutation: You are partially covered in thin metallic scales (AC +2). [a shining eye]
  2090 | D        | Killed a gargoyle
  2104 | D        | Noticed Norris
  2130 | D        | Noticed an unseen horror
  2130 | D        | Noticed an unseen horror
  2130 | D        | Noticed an unseen horror
  2131 | D        | Noticed an unseen horror
  2132 | D        | Noticed an unseen horror
  2132 | D        | Killed an unseen horror
  2134 | D        | Killed an unseen horror
  2134 | D        | Reached skill level 19 in Stealth
  2138 | D        | Killed an unseen horror
  2138 | D        | Reached skill level 5 in Fighting
  2138 | D        | Reached XP level 12. HP: 24/55 MP: 23/33
  2145 | D        | Killed an unseen horror
  2231 | D        | Killed an unseen horror
  2326 | D        | Noticed a fire giant
  2329 | D        | Noticed a fire giant
  2330 | D        | Noticed a fire giant
  2331 | D        | Noticed a fire giant
  2334 | D        | Killed from afar by a fire giant

Action                   |  1- 3 |  4- 6 |  7- 9 | 10-12 || total
-------------------------+-------+-------+-------+-------++-------
Melee: Dagger            |    16 |     8 |     1 |       ||    25
       Short sword       |       |       |    21 |    99 ||   120
 Cast: Ensorcelled Hiber |     4 |     1 |    11 |    30 ||    46
       Confuse           |       |       |     1 |    11 ||    12
       Dazzling Spray    |       |       |       |    15 ||    15
  Use: Scroll            |       |       |       |     4 ||     4
       Potion            |       |       |       |     1 ||     1
 Stab: Sleeping          |     2 |     5 |     8 |    47 ||    62
       Confused          |       |       |     1 |     6 ||     7
       Invisible         |       |       |       |     4 ||     4
